 Dungeon Crawl Stone Soup version 0.32-a0-960-g3814254bd7 (webtiles) character file.

Game seed: 7106497973890227828

457 trashops the Chopper (level 6, -9/53 HPs)
             Began as a Mountain Dwarf Fighter on Apr 17, 2024.
             Mangled by Pikel
             ... wielding a +1 whip of electrocution
              (16 damage)
             ... on level 4 of the Dungeon.
             The game lasted 00:04:55 (3320 turns).

trashops the Chopper (Mountain Dwarf Fighter)       Turns: 3320, Time: 00:04:57

Health: -9/53      AC:  8    Str: 21    XL:     6   Next: 77%
Magic:  6/6        EV:  8    Int:  8    God:
Gold:   234        SH:  4    Dex:  9    Spells: 5/5 levels left

rFire   . . .        a - +0 war axe
rCold   + . .        c - +0 buckler
rNeg    . . .        b - +0 scale mail
rPois   .            g - +0 helmet
rElec   .            (no cloak)
rCorr   .            (no gloves)
SInv    .            (no boots)
Will    .....        e - amulet of the acrobat Stlth
                     m - ring of protection from cold
HPRegen 0.28/turn    (no ring)
MPRegen 0.10/turn

%: acrobat
@: on berserk cooldown
A: runic magic, artefact enchanting, hooves 1
a: no special abilities


You were on level 4 of the Dungeon.
You visited 1 branch of the dungeon, and saw 4 of its levels.

You collected 234 gold pieces.

Inventory:

Hand Weapons
 a - a +0 war axe (weapon)
Armour
 b - a +0 scale mail (worn)
 c - a +0 buckler (worn)
 g - a +0 helmet (worn)
Jewellery
 e - an amulet of the acrobat (around neck)
 m - a ring of protection from cold (left hand)
Scrolls
 h - a scroll of teleportation
 j - a scroll of vulnerability {unknown}
 k - a scroll of identify
Potions
 d - a potion of might


   Skills:
 * Level 4.6 Fighting
 * Level 6.6 Axes
 * Level 4.9 Armour
 + Level 3.8 Shields


You had 5 spell levels left.
You didn't know any spells.
Your spell library contained the following spells:

 Spells                   Type           Power      Damage    Failure   Level
 Scorch                   Fire           0%         2d5       71%         2
 Swiftness                Air            0%         N/A       90%         3
 Airstrike                Air            0%         2d(0-16)  100%        4


Dungeon Overview and Level Annotations

Branches:
Dungeon (4/15)             Temple (0/1) D:4

Altars:
Ashenzari
Gozag
Nemelex Xobeh

Shops:
D:3 [

Annotations:
D:4 1 runed translucent door, Crazy Yiuf, Pikel


Innate Abilities, Weirdness & Mutations

Your spellcasting is much less encumbered by armour.
You can use scrolls of enchantment on lesser artefacts.
You have large cloven feet.


Message History

The lemure hits you. x2
You hit the lemure. Your kick misses the lemure.
The lemure is moderately wounded.
The lemure closely misses you. The lemure hits you but does no damage.
You slash the lemure! Your kick misses the lemure.
The lemure is severely wounded.
The lemure hits you but does no damage. The lemure hits you.
You completely miss the lemure.
The lemure is severely wounded.
The lemure barely misses you. The lemure hits you.
You closely miss the lemure.
The lemure is severely wounded.
You block the lemure's attack.
You closely miss the lemure.
The lemure is heavily wounded.
The lemure hits you! The lemure hits you.
You barely miss the lemure.
The lemure is heavily wounded.
The lemure barely misses you. x2
You closely miss the lemure.
The lemure is heavily wounded.
The lemure hits you but does no damage. The lemure completely misses you.
You slash the lemure!
You kill the lemure!
That felt strangely unrewarding.
Pikel hits you with a +1 whip of electrocution!
You closely miss Pikel. You kick Pikel, but do no damage.
You feel yourself speed up. Pikel hits you but does no damage.
You closely miss Pikel. You kick Pikel, but do no damage.
Pikel barely misses you.
Pikel hits you with a +1 whip of electrocution.
* * * LOW HITPOINT WARNING * * *
You hit Pikel. Your kick misses Pikel.
Pikel is lightly wounded.
Pikel hits you with a +1 whip of electrocution!
* * * LOW HITPOINT WARNING * * *
You are electrocuted!
You die...
Pikel says, "Another soul for the market."

.....##..............###.....##..
......#...............#.ß...ß.#..
..................)...#.......#..
........##....#...#......._......
....#.........#..##...#.......#..
....###.....#.........#.ß...ß.#..
..... ##.####.##.#....##.....####
#.>.. ..(.............###.### #
##... ########@##..........###.
... #K##...........#.. .
#s#.........##...# .s
#5........##.#...# ..~
#.###.....#...†... ~~5~
#..##.......#.#.#. ≈≈~K.
#..#<....#..#..###
~≈~...#..#..........†...
.~..⌠...................


You could see Pikel, a lemure and a scorpion.

Vanquished Creatures
  A black bear (D:3)
  3 lemures (D:4)
  A phantom (D:4)
  A bombardier beetle (D:3)
  Natasha (twice) (D:2)
  Terence (D:2)
  An orc wizard (D:4)
  Robin (D:2)
  6 adders
  A dart slug (D:4)
  6 orcs
  11 ball pythons
  12 endoplasms
  4 giant cockroaches
  12 goblins
  10 hobgoblins
  3 quokkas
  3 bats
  4 frilled lizards
  4 kobolds
  6 rats
93 creatures vanquished.

Notes
Turn   | Place    | Note
-------+----------+-------------------------------------------
     0 | D:1      | trashops the Mountain Dwarf Fighter began the quest for the
                  | Orb.
     0 | D:1      | Reached XP level 1. HP: 19/19 MP: 1/1
   220 | D:1      | Reached XP level 2. HP: 26/26 MP: 2/2
   934 | D:2      | Reached XP level 3. HP: 17/33 MP: 3/3
  1095 | D:2      | Reached skill level 3 in Axes
  1103 | D:2      | Noticed Terence
  1136 | D:2      | Killed Terence
  1208 | D:2      | Noticed Natasha
  1216 | D:2      | Killed Natasha
  1217 | D:2      | Reached skill level 4 in Axes
  1217 | D:2      | Reached XP level 4. HP: 31/40 MP: 4/4
  1226 | D:2      | Noticed Natasha
  1236 | D:2      | Killed Natasha
  1320 | D:2      | Noticed Robin
  1356 | D:2      | Killed Robin
  1361 | D:2      | Reached XP level 5. HP: 31/46 MP: 5/5
  1981 | D:3      | Reached skill level 5 in Axes
  2178 | D:3      | Found Qeczou's Antique Armour Boutique.
  2450 | D:3      | Found a broken altar of Ashenzari.
  2740 | D:4      | Noticed a phantom
  2746 | D:4      | Found a staircase to the Ecumenical Temple.
  2749 | D:4      | Noticed a black bear
  2750 | D:4      | Killed a phantom
  2751 | D:4      | Reached XP level 6. HP: 40/52 MP: 6/6
  2769 | D:3      | Reached skill level 6 in Axes
  2988 | D:4      | Found a runed translucent door.
  2989 | D:4      | Noticed Crazy Yiuf
  3085 | D:4      | Found a sparkling altar of Nemelex Xobeh.
  3110 | D:4      | Found an opulent altar of Gozag.
  3152 | D:4      | Got Zuligut's Information on Weathered Oxidation
  3260 | D:4      | Noticed Pikel
  3284 | D:4      | Gained mutation: You have large cloven feet. [potion of
                  | mutation]
  3320 | D:4      | Mangled by Pikel

Illustrated notes

Levels and vault maps discovered:
D:1:      minmay_arrival_cross, layout_loops_ring, nrook_campfire
D:2:      layout_basic, uniq_natasha, uniq_terence, uniq_robin
D:3:      layout_rooms, ashenzari_altar_1, serial_shops,
          nicolae_shop_real_fake_doors
D:4:      layout_cave_pools, kiku_gazebo_pond_becter, grunt_gozag_statues,
          pf_just_have_faith, minmay_temple_entry_large_hall, uniq_pikel,
          uniq_crazy_yiuf_cottage, uniq_menkaure

Skill      XL: |  1  2  3  4  5  6 |
---------------+-------------------+-----
Axes           | 4 5 6 |  6.6
Armour         | 4 |  4.9
Fighting       | 4 |  4.6
Shields        | |  3.8

Action                     |  1- 3 |  4- 6 || total
---------------------------+-------+-------++-------
  Melee: War axe           |   104 |   211 ||   315
         Kick              |       |     5 ||     5
    Use: Scroll            |     3 |     2 ||     5
         Potion            |     1 |     3 ||     4
 Armour: Scale mail        |    77 |   182 ||   259
  Dodge: Dodged            |    51 |   111 ||   162
  Block: Buckler           |    26 |    45 ||    71

Table legend: (Time is in decaauts)
 A = Elapsed time spent in this place.
 B = Non-inter-level travel time spent in this place.
 C = Inter-level travel time spent in this place.
 D = Time resting spent in this place.
 E = Time spent auto-exploring this place.
 F = Levels seen in this place.
 G = Mean time per level.
                   A        B        C        D        E       F      G
               +--------+--------+--------+--------+--------+-----+--------+
         Total |   3426 |   3238 |    188 |    580 |   1904 |   4 |  856.5 |
       Dungeon |   3426 |   3238 |    188 |    580 |   1904 |   4 |  856.5 |
               +--------+--------+--------+--------+--------+-----+--------+

Top non-repeatable levels by time:
     D:2: 1216 daAuts
     D:3: 923 daAuts
     D:1: 819 daAuts
     D:4: 466 daAuts
